Punishers vs Saguenéens
Created - April 26, 2017 at 23:35
Goals
|
Punishers |
1 |
3 |
0 |
4 |
Saguenéens |
2 |
1 |
2 |
5 |
|
Shots
|
Punishers |
9 |
3 |
11 |
23 |
Saguenéens |
13 |
12 |
7 |
32 |
|
1st period
1. Punishers , Ryan Malone 40 (Justin Falk 3) at 11:24
2. Saguenéens , Artemi Panarin 53 (Tyler Kennedy 59, Brian Sutherby 20) at 11:47
3. Saguenéens , Carl Hagelin 13 (Juraj Mikus 30, Tyler Pitlick 17) at 13:02
Penalties :
No Penalty
2nd period
4. Punishers , Tanner Glass 36 (Ryan Malone 32) at 3:03 (SH)
5. Saguenéens , Artemi Panarin 54 (Tyler Kennedy 60, Kevin Marshall 39) at 3:13 (PP)
6. Punishers , Tanner Glass 37 (Luke Adam 45) at 3:58
7. Punishers , Mike Blunden 13 (Petteri Nokelainen 50, Alex Petrovic 16) at 5:08
Penalties :
Miikka Salomaki (Pro) for Hooking (Minor) at 2:58, Miikka Salomaki (Pro) for Diving (Minor) at 5:31, Frazer Mclaren (Pro) for Interference (Minor) at 14:22
3rd period
8. Saguenéens , Artemi Panarin 55 (Tyler Kennedy 61) at 3:05
9. Saguenéens , Brian Sutherby 20 (Tyler Kennedy 62, Luke Witkowski 20) at 5:45
Penalties :
Justin Falk (Pro) for Interference (Minor) at 0:13, Tyler Kennedy (Chi) for Elbowing (Minor) at 6:03
Goalie Stats
Kevin Poulin (Pro), 27 saves from 32 shots - (0.844), L, 22-22-3, 59:42 minutes
Martin Jones (Chi), 19 saves from 23 shots - (0.826), W, 5-4-1, 60:00 minutes
Players Stats for Punishers
Player Name G A P +/- PIM S H SB GA TA FO MP PP MP PK MP
------------------------------------------------------------------------------------
Adam McQuaid 0 0 0 -2 0 1 2 4 1 0 0/0 27:34 1:13 3:24
Alex Petrovic 0 1 1 1 0 1 2 0 1 0 0/0 21:08 0:46 3:15
Boone Jenner 0 0 0 -1 0 2 3 0 0 0 0/0 10:11 0:00 0:35
Brandon McMillan 0 0 0 1 0 0 3 0 0 0 4/5 10:38 0:00 0:00
Frazer Mclaren 0 0 0 1 2 0 2 0 0 0 1/1 11:43 0:00 0:58
Justin Falk 0 1 1 0 2 2 1 5 0 1 0/0 28:57 1:13 2:16
Luke Adam 0 1 1 -1 0 1 1 1 1 1 4/11 15:54 0:57 0:00
Matt Mackenzie 0 0 0 1 0 1 1 1 0 0 0/0 15:06 0:00 0:32
Michael Ferland 0 0 0 0 0 0 1 0 0 0 0/0 5:17 0:00 2:16
Miikka Salomaki 0 0 0 -1 4 0 1 1 0 0 0/1 15:57 0:57 0:00
Mike Blunden 1 0 1 0 0 3 2 2 0 1 1/1 18:35 1:02 0:00
Mike Sauer 0 0 0 0 0 1 2 2 0 0 0/0 23:45 0:46 2:57
Petteri Nokelainen 0 1 1 0 0 2 3 1 0 1 7/22 19:55 1:02 1:41
Philippe Paradis 0 0 0 0 0 0 1 0 0 0 0/0 5:34 0:21 0:00
Quinton Howden 0 0 0 -1 0 0 1 0 0 0 0/0 10:45 0:36 0:00
Radek Smolenak 0 0 0 -1 0 2 3 0 0 1 0/1 8:46 0:00 0:10
Ryan Malone 1 1 2 2 0 3 1 0 3 2 5/8 26:53 1:02 3:19
Tanner Glass 2 0 2 0 0 4 2 0 2 0 1/2 17:06 0:00 3:25
Players Stats for Saguenéens
Player Name G A P +/- PIM S H SB GA TA FO MP PP MP PK MP
------------------------------------------------------------------------------------
Artemi Panarin 3 0 3 2 0 8 0 1 1 1 0/0 22:06 3:19 0:48
Brendan Ranford 0 0 0 0 0 0 0 0 0 0 0/0 0:00 0:00 0:00
Brett Lebda 0 0 0 0 0 0 0 0 0 0 0/0 0:00 0:00 0:00
Brian Sutherby 1 1 2 2 0 5 3 1 2 1 18/31 21:50 3:19 1:01
Brody Sutter 0 0 0 0 0 0 0 0 0 0 0/0 0:00 0:00 0:00
Carl Hagelin 1 0 1 0 0 3 1 0 1 0 0/1 12:25 0:00 0:00
Craig Cunningham 0 0 0 0 0 1 3 0 1 0 0/0 8:02 0:00 0:10
Dalton Prout 0 0 0 0 0 0 1 1 0 2 0/0 26:55 3:43 1:07
Erik Haula 0 0 0 -2 0 0 2 0 0 0 5/9 16:48 2:46 0:58
Jerry D'Amigo 0 0 0 0 0 0 0 0 0 0 0/0 0:19 0:07 0:00
Juraj Mikus 0 1 1 0 0 1 0 0 1 0 3/5 12:25 0:00 0:00
Justin Florek 0 0 0 0 0 0 0 0 0 0 0/0 0:36 0:07 0:00
Kevin Marshall 0 1 1 0 0 2 1 0 0 1 0/0 26:55 3:43 1:07
Luke Witkowski 0 1 1 0 0 0 1 1 0 1 0/0 19:04 2:29 0:52
Nick Mattson 0 0 0 0 0 0 1 0 0 0 0/0 14:01 0:00 0:00
Rhett Rakhshani 0 0 0 0 0 0 0 0 0 0 0/0 7:52 0:00 0:00
Roman Josi 0 0 0 0 0 2 3 1 0 0 0/0 19:04 2:29 0:52
Sam Carrick 0 0 0 0 0 0 1 1 0 0 0/2 8:54 0:00 0:16
Spencer Machacek 0 0 0 -2 0 0 3 0 1 1 1/1 15:50 2:46 0:00
Teemu Pulkkinen 0 0 0 0 0 0 0 0 0 0 0/1 0:45 0:00 0:45
Tim Kennedy 0 0 0 -2 0 3 2 0 0 0 0/0 15:50 2:46 0:00
Trevor Van Riemsdyk 0 0 0 0 0 0 1 0 0 1 0/0 14:01 0:00 0:00
Tyler Kennedy 0 4 4 2 2 7 2 0 0 0 2/2 21:34 3:19 0:00
Tyler Pitlick 0 1 1 0 0 0 3 0 0 0 0/0 12:44 0:07 0:00
3 Stars
1 - Artemi Panarin (Chi)
2 - Brian Sutherby (Chi)
3 - Tyler Kennedy (Chi)
Power Play
Punishers - 0 on 1 Attempt(s) - 0.00%
Saguenéens - 1 on 4 Attempt(s) - 25.00%
Penalty Kill
Punishers - 3 on 4 Attempt(s) - 75.00%
- Score 1 goal in Penalty Kill
Saguenéens - 1 on 1 Attempt(s) - 100.00%
- Score 0 goal in Penalty Kill
Team Stat
Punishers - Hits : 32 - Faceoff Wins : 23 - Blocked Shots : 17 - Penalty Minutes : 8
Saguenéens - Hits : 28 - Faceoff Wins : 29 - Blocked Shots : 6 - Penalty Minutes : 2
Official
Referees : Pollock Kevin and Furlatt Eric
Linesman : Tony Sericolo and Derek Amell
Game Notes
Tanner Glass is injured at 2:57 of 3rd period (Sprained Right Ankle)
Artemi Panarin has scored a Hat Trick!
Finance
Level 1 -- Attendance: 1553 (77.65%) -- Ticket Income $62,120
Level 2 -- Attendance: 708 (70.80%) -- Ticket Income $14,160
Total Attendance: 2261 (75.37%)
Total Ticket Income: $76,280
Other Income: $3,814
Total Income: $80,094
Punishers
5 vs 5 Forward
Center Left Wing Right Wing Time % Phy DF OF
1 Petteri Nokelainen Ryan Malone Mike Blunden 40 1 2 2
2 Luke Adam Tanner Glass Miikka Salomaki 30 1 2 2
3 Brandon McMillan Frazer Mclaren Ryan Malone 20 1 2 2
4 Boone Jenner Radek Smolenak Tanner Glass 10 1 2 2
5 vs 5 Defense
Defense Defense Time % Phy DF OF
1 Justin Falk Adam McQuaid 40 1 2 2
2 Mike Sauer Alex Petrovic 30 1 2 2
3 Matt Mackenzie Justin Falk 20 1 2 2
4 Adam McQuaid Mike Sauer 10 1 2 2
PowerPlay Forward
Center Left Wing Right Wing Time % Phy DF OF
1 Petteri Nokelainen Ryan Malone Mike Blunden 60 1 2 2
2 Luke Adam Tanner Glass Miikka Salomaki 40 1 2 2
PowerPlay Defense
Defense Defense Time % Phy DF OF
1 Justin Falk Adam McQuaid 60 1 2 2
2 Mike Sauer Alex Petrovic 40 1 2 2
Penalty Kill 4 Players Forward
Center Wing Time % Phy DF OF
1 Ryan Malone Tanner Glass 60 1 2 2
2 Petteri Nokelainen Frazer Mclaren 40 1 2 2
Penalty Kill 4 Players Defense
Defense Defense Time % Phy DF OF
1 Justin Falk Adam McQuaid 60 1 2 2
2 Mike Sauer Alex Petrovic 40 1 2 2
Penalty Kill - 3 Players Forward
Forward Time % Phy DF OF
1 Ryan Malone 60 1 2 2
2 Tanner Glass 40 1 2 2
Penalty Kill - 3 Players Defense
Defense Defense Time % Phy DF OF
1 Justin Falk Adam McQuaid 60 1 2 2
2 Mike Sauer Alex Petrovic 40 1 2 2
4 vs 4 Forward
Center Wing Time % Phy DF OF
1 Ryan Malone Tanner Glass 60 1 2 2
2 Petteri Nokelainen Frazer Mclaren 40 1 2 2
4 vs 4 Defense
Defense Defense Time % Phy DF OF
1 Justin Falk Adam McQuaid 60 1 2 2
2 Mike Sauer Alex Petrovic 40 1 2 2
Last Minutes Offensive
Center Left Wing Right Wing Defense Defense
Petteri Nokelainen Ryan Malone Mike Blunden Justin Falk Adam McQuaid
Last Minutes Defensive
Center Left Wing Right Wing Defense Defense
Petteri Nokelainen Ryan Malone Mike Blunden Justin Falk Adam McQuaid
Goaltenders
Starting : Kevin Poulin
Backup : Niklas Svedberg
Extra Forwards
Normal : Quinton Howden, Philippe Paradis, Michael Ferland - PP : Quinton Howden, Philippe Paradis - PK : Michael Ferland
Extra Defensemen
Normal : Matt Mackenzie, Alex Petrovic, Justin Falk - PP : Matt Mackenzie - PK : Alex Petrovic, Justin Falk
Penalty Shots
Ryan Malone, Tanner Glass, Petteri Nokelainen, Frazer Mclaren, Luke Adam
Scratches
Casey Cizikas (Right Leg Injury), Simon Despres (Left Hip Injury), Dylan DeMelo (Healthy), Mike Weber (Healthy), Louis Domingue (Healthy)
Saguenéens
5 vs 5 Forward
Center Left Wing Right Wing Time % Phy DF OF
1 Brian Sutherby Artemi Panarin Tyler Kennedy 40 1 2 2
2 Erik Haula Tim Kennedy Spencer Machacek 30 1 2 2
3 Juraj Mikus Carl Hagelin Tyler Pitlick 20 1 2 2
4 Sam Carrick Craig Cunningham Rhett Rakhshani 10 1 2 2
5 vs 5 Defense
Defense Defense Time % Phy DF OF
1 Kevin Marshall Dalton Prout 40 1 2 2
2 Luke Witkowski Roman Josi 30 1 2 2
3 Nick Mattson Trevor Van Riemsdyk 20 1 2 2
4 Kevin Marshall Dalton Prout 10 1 2 2
PowerPlay Forward
Center Left Wing Right Wing Time % Phy DF OF
1 Brian Sutherby Artemi Panarin Tyler Kennedy 60 1 2 2
2 Erik Haula Tim Kennedy Spencer Machacek 40 1 2 2
PowerPlay Defense
Defense Defense Time % Phy DF OF
1 Kevin Marshall Dalton Prout 60 1 2 2
2 Luke Witkowski Roman Josi 40 1 2 2
Penalty Kill 4 Players Forward
Center Wing Time % Phy DF OF
1 Tyler Kennedy Brian Sutherby 60 1 2 2
2 Artemi Panarin Spencer Machacek 40 1 2 2
Penalty Kill 4 Players Defense
Defense Defense Time % Phy DF OF
1 Kevin Marshall Dalton Prout 60 1 2 2
2 Luke Witkowski Roman Josi 40 1 2 2
Penalty Kill - 3 Players Forward
Forward Time % Phy DF OF
1 Tyler Kennedy 60 1 2 2
2 Brian Sutherby 40 1 2 2
Penalty Kill - 3 Players Defense
Defense Defense Time % Phy DF OF
1 Kevin Marshall Dalton Prout 60 1 2 2
2 Luke Witkowski Roman Josi 40 1 2 2
4 vs 4 Forward
Center Wing Time % Phy DF OF
1 Tyler Kennedy Brian Sutherby 60 1 2 2
2 Artemi Panarin Spencer Machacek 40 1 2 2
4 vs 4 Defense
Defense Defense Time % Phy DF OF
1 Kevin Marshall Dalton Prout 60 1 2 2
2 Luke Witkowski Roman Josi 40 1 2 2
Last Minutes Offensive
Center Left Wing Right Wing Defense Defense
Brian Sutherby Artemi Panarin Tyler Kennedy Kevin Marshall Dalton Prout
Last Minutes Defensive
Center Left Wing Right Wing Defense Defense
Brian Sutherby Artemi Panarin Tyler Kennedy Kevin Marshall Dalton Prout
Goaltenders
Starting : Martin Jones
Backup : Mike Smith
Extra Forwards
Normal : Justin Florek, Jerry D'Amigo, Teemu Pulkkinen - PP : Justin Florek, Jerry D'Amigo - PK : Teemu Pulkkinen
Extra Defensemen
Normal : Nick Mattson, Trevor Van Riemsdyk, Luke Witkowski - PP : Nick Mattson - PK : Trevor Van Riemsdyk, Luke Witkowski
Penalty Shots
Tyler Kennedy, Brian Sutherby, Artemi Panarin, Spencer Machacek, Erik Haula
Scratches
Mason Raymond (Healthy), Garret Sparks (Healthy), Anton Khudobin (Healthy)
% Time on Ice - Punishers
Lines # - Real PCT - Wanted PCT - Time Play
Normal Forward
1 - 33% - 40% - 16:30
2 - 29% - 30% - 14:57
3 - 21% - 20% - 10:38
4 - 17% - 10% - 8:36
Normal Defense
1 - 34% - 40% - 17:19
2 - 30% - 30% - 15:15
3 - 26% - 20% - 13:07
4 - 10% - 10% - 5:00
PP Forward
1 - 52% - 60% - 1:02
2 - 48% - 40% - 0:57
PP Defense
1 - 61% - 60% - 1:13
2 - 39% - 40% - 0:46
PK Forward
1 - 73% - 60% - 4:31
2 - 27% - 40% - 1:41
PK Defense
1 - 74% - 60% - 4:35
2 - 26% - 40% - 1:37
PK3 Forward
1 - 0% - 60%
2 - 0% - 40%
PK3 Defense
1 - 0% - 60%
2 - 0% - 40%
44 Forward
1 - 0% - 60%
2 - 0% - 40%
44 Defense
1 - 0% - 60%
2 - 0% - 40%
Last Minute Offensive - 1:08
Last Minute Defensive - 0:00
Total
Forward - 60:00
Defense - 60:00
|
% Time on Ice - Saguenéens
Lines # - Real PCT - Wanted PCT - Time Play
Normal Forward
1 - 34% - 40% - 17:21
2 - 26% - 30% - 13:04
3 - 24% - 20% - 12:25
4 - 16% - 10% - 7:52
Normal Defense
1 - 37% - 40% - 18:33
2 - 31% - 30% - 15:43
3 - 27% - 20% - 13:50
4 - 5% - 10% - 2:36
PP Forward
1 - 55% - 60% - 3:26
2 - 45% - 40% - 2:46
PP Defense
1 - 60% - 60% - 3:43
2 - 40% - 40% - 2:29
PK Forward
1 - 100% - 60% - 1:59
2 - 0% - 40% - 0:00
PK Defense
1 - 56% - 60% - 1:07
2 - 44% - 40% - 0:52
PK3 Forward
1 - 0% - 60%
2 - 0% - 40%
PK3 Defense
1 - 0% - 60%
2 - 0% - 40%
44 Forward
1 - 0% - 60%
2 - 0% - 40%
44 Defense
1 - 0% - 60%
2 - 0% - 40%
Last Minute Offensive - 0:00
Last Minute Defensive - 1:07
Total
Forward - 60:00
Defense - 60:00
|
Play by Play
1st period
0:01 of 1st period - Brian Sutherby wins face-off versus Petteri Nokelainen in neutral zone.
0:50 of 1st period - Frazer Mclaren is hit by Tyler Pitlick and loses puck.
1:19 of 1st period - Snap shot by Tanner Glass.
1:19 of 1st period - Deflect By Boone Jenner.
1:19 of 1st period - Stopped by Martin Jones with a rebound.
1:21 of 1st period - Slapshot by Alex Petrovic.
1:21 of 1st period - Stopped by Martin Jones with a rebound.
1:33 of 1st period - Wrist shot by Brian Sutherby.
1:33 of 1st period - Stopped by Kevin Poulin without a rebound.
1:34 of 1st period - Luke Adam wins face-off versus Brian Sutherby in Punishers zone.
2:24 of 1st period - Snap shot by Ryan Malone.
2:24 of 1st period - Shot Blocked by Luke Witkowski.
2:26 of 1st period - Slapshot by Ryan Malone.
2:26 of 1st period - Shot Blocked by Roman Josi.
2:28 of 1st period - Wrist shot by Petteri Nokelainen.
2:28 of 1st period - Stopped by Martin Jones without a rebound.
2:29 of 1st period - Brian Sutherby wins face-off versus Luke Adam in Saguenéens zone.
2:41 of 1st period - Icing by Luke Adam.
2:42 of 1st period - Brian Sutherby wins face-off versus Miikka Salomaki in Punishers zone.
2:57 of 1st period - Snap shot by Tyler Kennedy.
2:57 of 1st period - Shot Misses the Net.
3:18 of 1st period - Off-side.
3:19 of 1st period - Ryan Malone wins face-off versus Carl Hagelin in neutral zone.
3:34 of 1st period - Luke Witkowski is hit by Mike Blunden and loses puck.
3:55 of 1st period - Wrist shot by Tim Kennedy.
3:55 of 1st period - Stopped by Kevin Poulin with a rebound.
5:01 of 1st period - Wrist shot by Rhett Rakhshani.
5:01 of 1st period - Shot Blocked by Mike Sauer.
5:03 of 1st period - Wrist shot by Dalton Prout.
5:03 of 1st period - Deflect By Craig Cunningham.
5:03 of 1st period - Shot Misses the Net.
5:03 of 1st period - Puck is out of play.
5:04 of 1st period - Erik Haula wins face-off versus Radek Smolenak in Punishers zone.
6:17 of 1st period - Slapshot by Rhett Rakhshani.
6:17 of 1st period - Shot Misses the Net.
7:05 of 1st period - Wrist shot by Carl Hagelin.
7:05 of 1st period - Stopped by Kevin Poulin without a rebound.
7:06 of 1st period - Luke Adam wins face-off versus Juraj Mikus in Punishers zone.
7:06 of 1st period - Luke Adam is hit by Kevin Marshall.
7:29 of 1st period - Kevin Marshall is hit by Adam McQuaid and loses puck.
7:34 of 1st period - Wrist shot by Luke Adam.
7:34 of 1st period - Shot Misses the Net.
7:36 of 1st period - Slapshot by Tanner Glass.
7:36 of 1st period - Shot Misses the Net.
7:38 of 1st period - Snap shot by Tanner Glass.
7:38 of 1st period - Stopped by Martin Jones without a rebound.
7:39 of 1st period - Brian Sutherby wins face-off versus Petteri Nokelainen in Saguenéens zone.
8:04 of 1st period - Tim Kennedy is hit by Brandon McMillan and loses puck.
8:34 of 1st period - Nick Mattson is hit by Brandon McMillan and loses puck.
8:55 of 1st period - Snap shot by Artemi Panarin.
8:55 of 1st period - Shot Misses the Net.
8:57 of 1st period - Snap shot by Tyler Kennedy.
8:57 of 1st period - Stopped by Kevin Poulin with a rebound.
9:23 of 1st period - Quinton Howden is hit by Craig Cunningham and loses puck.
9:32 of 1st period - Snap shot by Craig Cunningham.
9:32 of 1st period - Stopped by Kevin Poulin without a rebound.
9:33 of 1st period - Brian Sutherby wins face-off versus Petteri Nokelainen in Punishers zone.
9:34 of 1st period - Snap shot by Tyler Kennedy.
9:34 of 1st period - Stopped by Kevin Poulin with a rebound.
9:36 of 1st period - Snap shot by Artemi Panarin.
9:36 of 1st period - Stopped by Kevin Poulin with a rebound.
9:38 of 1st period - Wrist shot by Brian Sutherby.
9:38 of 1st period - Stopped by Kevin Poulin with a rebound.
9:40 of 1st period - Slapshot by Artemi Panarin.
9:40 of 1st period - Shot Misses the Net.
9:42 of 1st period - Snap shot by Kevin Marshall.
9:42 of 1st period - Shot Misses the Net.
9:44 of 1st period - Slapshot by Kevin Marshall.
9:44 of 1st period - Shot Misses the Net.
9:46 of 1st period - Snap shot by Brian Sutherby.
9:46 of 1st period - Shot Blocked by Mike Blunden.
9:48 of 1st period - Slapshot by Kevin Marshall.
9:48 of 1st period - Shot Misses the Net.
9:57 of 1st period - Off-side.
9:58 of 1st period - Erik Haula wins face-off versus Brandon McMillan in neutral zone.
10:00 of 1st period - Off-side.
10:01 of 1st period - Brandon McMillan wins face-off versus Erik Haula in neutral zone.
10:25 of 1st period - Ryan Malone is hit by Tim Kennedy and loses puck.
10:40 of 1st period - Wrist shot by Brandon McMillan.
10:40 of 1st period - Shot Misses the Net.
10:42 of 1st period - Snap shot by Frazer Mclaren.
10:42 of 1st period - Shot Blocked by Dalton Prout.
10:44 of 1st period - Wrist shot by Brandon McMillan.
10:44 of 1st period - Shot Misses the Net.
11:08 of 1st period - Snap shot by Brandon McMillan.
11:08 of 1st period - Shot Misses the Net.
11:10 of 1st period - Wrist shot by Ryan Malone.
11:10 of 1st period - Shot Misses the Net.
11:18 of 1st period - Erik Haula is hit by Ryan Malone.
11:22 of 1st period - Slapshot by Justin Falk.
11:22 of 1st period - Stopped by Martin Jones with a rebound.
11:24 of 1st period - Snap shot by Ryan Malone.
11:24 of 1st period - Goal by Ryan Malone - Punishers : 1 - Saguenéens : 0.
11:25 of 1st period - Brian Sutherby wins face-off versus Luke Adam in neutral zone.
11:37 of 1st period - Snap shot by Tanner Glass.
11:37 of 1st period - Stopped by Martin Jones without a rebound.
11:38 of 1st period - Brian Sutherby wins face-off versus Luke Adam in Saguenéens zone.
11:43 of 1st period - Snap shot by Artemi Panarin.
11:43 of 1st period - Shot Misses the Net.
11:45 of 1st period - Snap shot by Tyler Kennedy.
11:45 of 1st period - Shot Misses the Net.
11:47 of 1st period - Wrist shot by Artemi Panarin.
11:47 of 1st period - Goal by Artemi Panarin - Punishers : 1 - Saguenéens : 1.
11:48 of 1st period - Brian Sutherby wins face-off versus Petteri Nokelainen in neutral zone.
12:19 of 1st period - Slapshot by Carl Hagelin.
12:19 of 1st period - Deflect By Tanner Glass.
12:19 of 1st period - Shot Blocked by Justin Falk.
12:19 of 1st period - Puck is out of play.
12:20 of 1st period - Juraj Mikus wins face-off versus Luke Adam in Punishers zone.
12:43 of 1st period - Roman Josi is hit by Mike Sauer and loses puck.
13:02 of 1st period - Snap shot by Carl Hagelin.
13:02 of 1st period - Goal by Carl Hagelin - Punishers : 1 - Saguenéens : 2.
13:03 of 1st period - Brian Sutherby wins face-off versus Petteri Nokelainen in neutral zone.
13:18 of 1st period - Justin Falk is hit by Dalton Prout and loses puck.
14:11 of 1st period - Snap shot by Luke Adam.
14:11 of 1st period - Stopped by Martin Jones without a rebound.
14:12 of 1st period - Luke Adam wins face-off versus Brian Sutherby in Saguenéens zone.
14:38 of 1st period - Mike Sauer is hit by Spencer Machacek and loses puck.
14:49 of 1st period - Mike Sauer is hit by Spencer Machacek and loses puck.
16:00 of 1st period - Wrist shot by Erik Haula.
16:00 of 1st period - Shot Misses the Net.
16:25 of 1st period - Snap shot by Artemi Panarin.
16:25 of 1st period - Shot Blocked by Adam McQuaid.
16:37 of 1st period - Wrist shot by Juraj Mikus.
16:37 of 1st period - Shot Misses the Net.
16:39 of 1st period - Backhand shot by Roman Josi.
16:39 of 1st period - Stopped by Kevin Poulin with a rebound.
16:47 of 1st period - Slapshot by Juraj Mikus.
16:47 of 1st period - Stopped by Kevin Poulin with a rebound.
17:21 of 1st period - Wrist shot by Spencer Machacek.
17:21 of 1st period - Shot Blocked by Mike Blunden.
18:27 of 1st period - Frazer Mclaren is hit by Carl Hagelin.
18:54 of 1st period - Wrist shot by Artemi Panarin.
18:54 of 1st period - Deflect By Tyler Kennedy.
18:54 of 1st period - Stopped by Kevin Poulin without a rebound.
18:55 of 1st period - Erik Haula wins face-off versus Luke Adam in Punishers zone.
19:06 of 1st period - Wrist shot by Tim Kennedy.
19:06 of 1st period - Shot Blocked by Luke Adam.
19:12 of 1st period - Miikka Salomaki is hit by Erik Haula and loses puck.
19:24 of 1st period - Icing by Tanner Glass.
19:25 of 1st period - Brandon McMillan wins face-off versus Brian Sutherby in Punishers zone.
19:34 of 1st period - Snap shot by Ryan Malone.
19:34 of 1st period - Stopped by Martin Jones without a rebound.
19:35 of 1st period - Petteri Nokelainen wins face-off versus Brian Sutherby in Saguenéens zone.
Goals for this period are 1 for Punishers vs 2 for Saguenéens.
Shots for this period are 9 for Punishers vs 13 for Saguenéens.
2nd period
0:01 of 2nd period - Brian Sutherby wins face-off versus Petteri Nokelainen in neutral zone.
1:17 of 2nd period - Snap shot by Sam Carrick.
1:17 of 2nd period - Shot Blocked by Justin Falk.
1:33 of 2nd period - Snap shot by Artemi Panarin.
1:33 of 2nd period - Stopped by Kevin Poulin without a rebound.
1:34 of 2nd period - Tyler Kennedy wins face-off versus Luke Adam in Punishers zone.
1:41 of 2nd period - Snap shot by Brian Sutherby.
1:41 of 2nd period - Deflect By Tyler Kennedy.
1:41 of 2nd period - Stopped by Kevin Poulin with a rebound.
2:15 of 2nd period - Wrist shot by Mike Blunden.
2:15 of 2nd period - Shot Misses the Net.
2:49 of 2nd period - Wrist shot by Tanner Glass.
2:49 of 2nd period - Shot Blocked by Sam Carrick.
2:58 of 2nd period - Minor Penalty to Miikka Salomaki for Hooking.
2:59 of 2nd period - Ryan Malone wins face-off versus Brian Sutherby in Punishers zone.
3:03 of 2nd period - Slapshot by Tanner Glass.
3:03 of 2nd period - Goal by Tanner Glass - Punishers : 2 - Saguenéens : 2.
3:04 of 2nd period - Brian Sutherby wins face-off versus Ryan Malone in neutral zone.
3:13 of 2nd period - Snap shot by Artemi Panarin.
3:13 of 2nd period - Goal by Artemi Panarin - Punishers : 2 - Saguenéens : 3.
3:14 of 2nd period - Petteri Nokelainen wins face-off versus Brian Sutherby in neutral zone.
3:17 of 2nd period - Brian Sutherby is hit by Petteri Nokelainen and loses puck.
3:27 of 2nd period - Snap shot by Artemi Panarin.
3:27 of 2nd period - Stopped by Kevin Poulin without a rebound.
3:28 of 2nd period - Brian Sutherby wins face-off versus Petteri Nokelainen in Punishers zone.
3:29 of 2nd period - Wrist shot by Tyler Kennedy.
3:29 of 2nd period - Shot Blocked by Adam McQuaid.
3:53 of 2nd period - Erik Haula is hit by Tanner Glass and loses puck.
3:58 of 2nd period - Wrist shot by Tanner Glass.
3:58 of 2nd period - Goal by Tanner Glass - Punishers : 3 - Saguenéens : 3.
3:59 of 2nd period - Petteri Nokelainen wins face-off versus Brian Sutherby in neutral zone.
5:08 of 2nd period - Snap shot by Petteri Nokelainen.
5:08 of 2nd period - Deflect By Mike Blunden.
5:08 of 2nd period - Goal by Mike Blunden - Punishers : 4 - Saguenéens : 3.
5:09 of 2nd period - Luke Adam wins face-off versus Brian Sutherby in neutral zone.
5:31 of 2nd period - Minor Penalty to Miikka Salomaki for Diving.
5:32 of 2nd period - Brian Sutherby wins face-off versus Ryan Malone in Punishers zone.
5:35 of 2nd period - Wrist shot by Brian Sutherby.
5:35 of 2nd period - Deflect By Artemi Panarin.
5:35 of 2nd period - Stopped by Kevin Poulin with a rebound.
5:37 of 2nd period - Snap shot by Tyler Kennedy.
5:37 of 2nd period - Shot Blocked by Adam McQuaid.
5:39 of 2nd period - Slapshot by Dalton Prout.
5:39 of 2nd period - Deflect By Tyler Kennedy.
5:39 of 2nd period - Stopped by Kevin Poulin with a rebound.
5:41 of 2nd period - Slapshot by Dalton Prout.
5:41 of 2nd period - Shot Blocked by Justin Falk.
5:43 of 2nd period - Snap shot by Tyler Kennedy.
5:43 of 2nd period - Deflect By Brian Sutherby.
5:43 of 2nd period - Stopped by Kevin Poulin with a rebound.
5:45 of 2nd period - Snap shot by Brian Sutherby.
5:45 of 2nd period - Stopped by Kevin Poulin with a rebound.
5:47 of 2nd period - Slapshot by Artemi Panarin.
5:47 of 2nd period - Shot Blocked by Justin Falk.
7:31 of 2nd period - Penalty to Miikka Salomaki is over, Miikka Salomaki is back on ice.
7:43 of 2nd period - Mike Blunden is hit by Roman Josi and loses puck.
8:10 of 2nd period - Slapshot by Rhett Rakhshani.
8:10 of 2nd period - Shot Misses the Net.
8:12 of 2nd period - Wrist shot by Kevin Marshall.
8:12 of 2nd period - Stopped by Kevin Poulin with a rebound.
8:30 of 2nd period - Mike Sauer is hit by Brian Sutherby and loses puck.
9:10 of 2nd period - Dalton Prout is hit by Radek Smolenak and loses puck.
9:51 of 2nd period - Quinton Howden is hit by Craig Cunningham and loses puck.
10:33 of 2nd period - Icing by Miikka Salomaki.
10:34 of 2nd period - Brandon McMillan wins face-off versus Sam Carrick in Punishers zone.
10:45 of 2nd period - Slapshot by Rhett Rakhshani.
10:45 of 2nd period - Shot Misses the Net.
11:37 of 2nd period - Slapshot by Artemi Panarin.
11:37 of 2nd period - Shot Misses the Net.
12:08 of 2nd period - Artemi Panarin is hit by Radek Smolenak and loses puck.
12:32 of 2nd period - Snap shot by Juraj Mikus.
12:32 of 2nd period - Shot Blocked by Mike Sauer.
12:34 of 2nd period - Snap shot by Roman Josi.
12:34 of 2nd period - Stopped by Kevin Poulin without a rebound.
12:35 of 2nd period - Brandon McMillan wins face-off versus Juraj Mikus in Punishers zone.
12:57 of 2nd period - Kevin Marshall is hit by Tanner Glass and loses puck.
13:12 of 2nd period - Erik Haula is hit by Petteri Nokelainen and loses puck.
13:23 of 2nd period - Kevin Marshall is hit by Alex Petrovic and loses puck.
13:30 of 2nd period - Mike Sauer is hit by Craig Cunningham and loses puck.
13:47 of 2nd period - Slapshot by Tim Kennedy.
13:47 of 2nd period - Stopped by Kevin Poulin with a rebound.
13:49 of 2nd period - Wrist shot by Tim Kennedy.
13:49 of 2nd period - Shot Blocked by Miikka Salomaki.
14:22 of 2nd period - Minor Penalty to Frazer Mclaren for Interference.
14:23 of 2nd period - Ryan Malone wins face-off versus Brian Sutherby in Punishers zone.
14:53 of 2nd period - Slapshot by Tim Kennedy.
14:53 of 2nd period - Deflect By Adam McQuaid.
14:53 of 2nd period - Shot Blocked by Adam McQuaid.
14:53 of 2nd period - Puck is out of play.
14:54 of 2nd period - Petteri Nokelainen wins face-off versus Erik Haula in Punishers zone.
16:22 of 2nd period - Penalty to Frazer Mclaren is over, Frazer Mclaren is back on ice.
16:51 of 2nd period - Icing by Brandon McMillan.
16:52 of 2nd period - Frazer Mclaren wins face-off versus Sam Carrick in Punishers zone.
17:33 of 2nd period - Brian Sutherby is hit by Petteri Nokelainen and loses puck.
17:55 of 2nd period - Erik Haula is hit by Frazer Mclaren.
18:05 of 2nd period - Nick Mattson is hit by Mike Blunden and loses puck.
18:30 of 2nd period - Slapshot by Artemi Panarin.
18:30 of 2nd period - Shot Misses the Net.
18:56 of 2nd period - Dalton Prout is hit by Brandon McMillan and loses puck.
19:11 of 2nd period - Slapshot by Dalton Prout.
19:11 of 2nd period - Shot Blocked by Petteri Nokelainen.
19:13 of 2nd period - Slapshot by Kevin Marshall.
19:13 of 2nd period - Stopped by Kevin Poulin with a rebound.
19:15 of 2nd period - Slapshot by Sam Carrick.
19:15 of 2nd period - Deflect By Rhett Rakhshani.
19:15 of 2nd period - Shot Blocked by Matt Mackenzie.
19:15 of 2nd period - Puck is out of play.
19:16 of 2nd period - Tanner Glass wins face-off versus Brian Sutherby in Punishers zone.
19:39 of 2nd period - Petteri Nokelainen is hit by Tyler Pitlick and loses puck.
19:52 of 2nd period - Erik Haula is hit by Adam McQuaid and loses puck.
Goals for this period are 3 for Punishers vs 1 for Saguenéens.
Shots for this period are 3 for Punishers vs 12 for Saguenéens.
3rd period
0:01 of 3rd period - Mike Blunden wins face-off versus Brian Sutherby in neutral zone.
0:08 of 3rd period - Snap shot by Petteri Nokelainen.
0:08 of 3rd period - Stopped by Martin Jones with a rebound.
0:10 of 3rd period - Snap shot by Justin Falk.
0:10 of 3rd period - Stopped by Martin Jones with a rebound.
0:12 of 3rd period - Snap shot by Petteri Nokelainen.
0:12 of 3rd period - Shot Blocked by Artemi Panarin.
0:13 of 3rd period - Minor Penalty to Justin Falk for Interference.
0:14 of 3rd period - Brian Sutherby wins face-off versus Tanner Glass in Punishers zone.
0:23 of 3rd period - Wrist shot by Tyler Kennedy.
0:23 of 3rd period - Stopped by Kevin Poulin with a rebound.
0:39 of 3rd period - Alex Petrovic is hit by Erik Haula and loses puck.
1:20 of 3rd period - Alex Petrovic is hit by Tyler Kennedy and loses puck.
2:09 of 3rd period - Matt Mackenzie is hit by Roman Josi and loses puck.
2:13 of 3rd period - Penalty to Justin Falk is over, Justin Falk is back on ice.
2:18 of 3rd period - Justin Florek is hit by Justin Falk and loses puck.
2:31 of 3rd period - Luke Witkowski is hit by Quinton Howden and loses puck.
2:56 of 3rd period - Tanner Glass is hit by Tyler Pitlick and loses puck.
2:57 of 3rd period - Tanner Glass from Punishers is injured at 2:57 of 3rd period (Sprained Right Ankle).
2:58 of 3rd period - Tyler Kennedy wins face-off versus Petteri Nokelainen in Punishers zone.
3:03 of 3rd period - Slapshot by Tyler Kennedy.
3:03 of 3rd period - Shot Blocked by Justin Falk.
3:05 of 3rd period - Wrist shot by Artemi Panarin.
3:05 of 3rd period - Goal by Artemi Panarin - Punishers : 4 - Saguenéens : 4.
3:06 of 3rd period - Ryan Malone wins face-off versus Brian Sutherby in neutral zone.
3:14 of 3rd period - Icing by Kevin Marshall.
3:15 of 3rd period - Brian Sutherby wins face-off versus Petteri Nokelainen in Saguenéens zone.
3:22 of 3rd period - Snap shot by Ryan Malone.
3:22 of 3rd period - Stopped by Martin Jones without a rebound.
3:23 of 3rd period - Brian Sutherby wins face-off versus Petteri Nokelainen in Saguenéens zone.
3:32 of 3rd period - Slapshot by Tyler Kennedy.
3:32 of 3rd period - Shot Misses the Net.
3:48 of 3rd period - Artemi Panarin is hit by Boone Jenner and loses puck.
3:55 of 3rd period - Snap shot by Radek Smolenak.
3:55 of 3rd period - Deflect By Artemi Panarin.
3:55 of 3rd period - Stopped by Martin Jones with a rebound.
3:57 of 3rd period - Wrist shot by Radek Smolenak.
3:57 of 3rd period - Stopped by Martin Jones without a rebound.
3:58 of 3rd period - Spencer Machacek wins face-off versus Petteri Nokelainen in Saguenéens zone.
4:03 of 3rd period - Backhand shot by Tim Kennedy.
4:03 of 3rd period - Stopped by Kevin Poulin without a rebound.
4:04 of 3rd period - Erik Haula wins face-off versus Petteri Nokelainen in Punishers zone.
4:05 of 3rd period - Snap shot by Tim Kennedy.
4:05 of 3rd period - Deflect By Erik Haula.
4:05 of 3rd period - Shot Misses the Net.
4:05 of 3rd period - Puck is out of play.
4:06 of 3rd period - Petteri Nokelainen wins face-off versus Erik Haula in Punishers zone.
5:00 of 3rd period - Snap shot by Radek Smolenak.
5:00 of 3rd period - Deflect By Boone Jenner.
5:00 of 3rd period - Stopped by Martin Jones without a rebound.
5:01 of 3rd period - Brian Sutherby wins face-off versus Petteri Nokelainen in Saguenéens zone.
5:07 of 3rd period - Off-side.
5:08 of 3rd period - Brian Sutherby wins face-off versus Petteri Nokelainen in neutral zone.
5:21 of 3rd period - Wrist shot by Tyler Kennedy.
5:21 of 3rd period - Shot Misses the Net.
5:35 of 3rd period - Wrist shot by Quinton Howden.
5:35 of 3rd period - Shot Misses the Net.
5:45 of 3rd period - Wrist shot by Brian Sutherby.
5:45 of 3rd period - Goal by Brian Sutherby - Punishers : 4 - Saguenéens : 5.
5:46 of 3rd period - Petteri Nokelainen wins face-off versus Erik Haula in neutral zone.
5:51 of 3rd period - Slapshot by Adam McQuaid.
5:51 of 3rd period - Stopped by Martin Jones with a rebound.
5:57 of 3rd period - Slapshot by Mike Blunden.
5:57 of 3rd period - Stopped by Martin Jones without a rebound.
5:58 of 3rd period - Petteri Nokelainen wins face-off versus Brian Sutherby in Saguenéens zone.
6:01 of 3rd period - Wrist shot by Mike Blunden.
6:01 of 3rd period - Stopped by Martin Jones with a rebound.
6:03 of 3rd period - Minor Penalty to Tyler Kennedy for Elbowing.
6:04 of 3rd period - Ryan Malone wins face-off versus Teemu Pulkkinen in Saguenéens zone.
6:33 of 3rd period - Snap shot by Justin Falk.
6:33 of 3rd period - Shot Blocked by Brian Sutherby.
7:21 of 3rd period - Luke Adam is hit by Brian Sutherby and loses puck.
8:03 of 3rd period - Penalty to Tyler Kennedy is over, Tyler Kennedy is back on ice.
8:12 of 3rd period - Sam Carrick is hit by Boone Jenner.
8:16 of 3rd period - Kevin Marshall is hit by Alex Petrovic and loses puck.
8:31 of 3rd period - Dalton Prout is hit by Radek Smolenak and loses puck.
8:48 of 3rd period - Wrist shot by Tyler Kennedy.
8:48 of 3rd period - Stopped by Kevin Poulin without a rebound.
8:49 of 3rd period - Juraj Mikus wins face-off versus Ryan Malone in Punishers zone.
9:14 of 3rd period - Spencer Machacek is hit by Philippe Paradis and loses puck.
9:51 of 3rd period - Roman Josi is hit by Matt Mackenzie and loses puck.
10:02 of 3rd period - Roman Josi is hit by Michael Ferland and loses puck.
12:10 of 3rd period - Mike Sauer is hit by Roman Josi and loses puck.
13:03 of 3rd period - Kevin Marshall is hit by Luke Adam.
13:29 of 3rd period - Adam McQuaid is hit by Trevor Van Riemsdyk and loses puck.
13:42 of 3rd period - Adam McQuaid is hit by Sam Carrick.
13:52 of 3rd period - Miikka Salomaki is hit by Spencer Machacek and loses puck.
14:07 of 3rd period - Nick Mattson is hit by Boone Jenner and loses puck.
14:25 of 3rd period - Trevor Van Riemsdyk is hit by Frazer Mclaren and loses puck.
15:21 of 3rd period - Alex Petrovic is hit by Tyler Kennedy and loses puck.
15:26 of 3rd period - Snap shot by Artemi Panarin.
15:26 of 3rd period - Stopped by Kevin Poulin with a rebound.
15:55 of 3rd period - Matt Mackenzie is hit by Nick Mattson.
16:10 of 3rd period - Artemi Panarin is hit by Mike Sauer and loses puck.
16:17 of 3rd period - Snap shot by Boone Jenner.
16:17 of 3rd period - Shot Misses the Net.
16:19 of 3rd period - Slapshot by Matt Mackenzie.
16:19 of 3rd period - Stopped by Martin Jones without a rebound.
16:20 of 3rd period - Erik Haula wins face-off versus Luke Adam in Saguenéens zone.
16:35 of 3rd period - Slapshot by Mike Sauer.
16:35 of 3rd period - Stopped by Martin Jones with a rebound.
17:26 of 3rd period - Radek Smolenak is hit by Tim Kennedy and loses puck.
17:45 of 3rd period - Roman Josi is hit by Miikka Salomaki and loses puck.
17:57 of 3rd period - Quinton Howden is hit by Luke Witkowski and loses puck.
18:16 of 3rd period - Snap shot by Carl Hagelin.
18:16 of 3rd period - Stopped by Kevin Poulin without a rebound.
18:17 of 3rd period - Juraj Mikus wins face-off versus Petteri Nokelainen in Punishers zone.
19:02 of 3rd period - Petteri Nokelainen is hit by Brian Sutherby and loses puck.
19:42 of 3rd period - Punishers, Kevin Poulin is pulled from the net.
Goals for this period are 0 for Punishers vs 2 for Saguenéens.
Shots for this period are 11 for Punishers vs 7 for Saguenéens.
Back to the Top